 Dungeon Crawl Stone Soup version 0.16-a0-3889-g45dc0c2 (webtiles) character file.

179 timbw the Chopper (level 5, -12/45 HPs)
             Began as a Ghoul Fighter on Feb 2, 2015.
             Mangled by an ogre
             ... wielding a cursed +0 giant club
              (23 damage)
             ... on level 4 of the Dungeon.
             The game lasted 00:03:05 (696 turns).

timbw the Chopper (Ghoul Fighter)                    Turns: 696, Time: 00:03:05

Health: -12/45     AC:  6    Str: 25    XL:     5   Next: 59%
Magic:  4/4        EV:  7    Int:  4    God:
Gold:   179        SH:  9    Dex:  8    Spells: 0 memorised, 4 levels left

rFire  . . .     SeeInvis .     a - +0 war axe
rCold  + . .     Clarity  .     b - +0 scale mail
rNeg   + + +     SustAb   .     c - +0 shield
rPois  ∞         Gourm    .     (no helmet)
rElec  .         Spirit   .     (no cloak)
rCorr  .         Warding  .     (no gloves)
rMut   .         Stasis   .     (no boots)
MR     .....                    (no amulet)
Stlth  ..........               (no ring)
                                (no ring)

@: mighty, rotting, not resistant to hostile enchantments, extremely unstealthy
A: rotting body, claws 1, carnivore 3, cold resistance 1, negative energy
resistance 3, poison resistance, slow healing 1, torment resistance, unbreathing
a: no special abilities


You were on level 4 of the Dungeon.
You were not hungry.

You visited 1 branch of the dungeon, and saw 4 of its levels.

You collected 179 gold pieces.

Inventory:

Hand weapons
 a - a +0 war axe (weapon)
Armour
 b - a +0 scale mail (worn)
 c - a +0 shield (worn)
Scrolls
 d - a scroll of identify {unknown}
 j - a scroll of enchant armour {unknown}
 k - a scroll of magic mapping {unknown}
 l - a scroll of remove curse {unknown}
Potions
 g - 2 potions of curing {unknown}
 h - a potion of poison {unknown}
 i - a potion of brilliance {unknown}


   Skills:
 - Level 3.2 Fighting
 + Level 5.1 Axes
 - Level 2.6 Armour
 - Level 2.6 Shields


You had 4 spell levels left.
You didn't know any spells.

Dungeon Overview and Level Annotations

Branches:
Dungeon (4/15)
 Temple: D:4-7

Altars:


Innate Abilities, Weirdness & Mutations

Your body is rotting away.
You thrive on raw meat.
You have sharp fingernails.
You are carnivorous and can eat meat at any time.
Your flesh is cold resistant.
You are immune to negative energy.
Your system is resistant to poisons.
You heal slowly when monsters are visible.
You are immune to unholy pain and torment.
You can survive without breathing.


Message History

There is a stone staircase leading up here.
Unknown command.
You aren't carrying any food.
Unknown command.
Drink which item? (? for menu, Esc to quit)
Okay, then.
You climb upwards.
There is a stone staircase leading down here.
You start resting.
There is a stone staircase leading down here.
You climb downwards.
There is a stone staircase leading up here.
The ogre shouts!
Drink which item? (? for menu, Esc to quit)
You feel very mighty all of a sudden. The ogre hits you with a giant club!!
* * * LOW HITPOINT WARNING * * *
You barely miss the ogre. The ogre hits you with a giant club!!
Ouch! That really hurt!
You die...

#.# #......## #.### ####..###)..#
....##############....# ####.###
#.#............##.....##...#...#
............................##.#
.............(..............##÷##
#............................#...
#...................<............
#........)......@......#####.....
#(..............O.....## ###...
.....................## #..#
.#....................# ##.#
###.....##..........#.# #.#
.....#.####...........### #..
...........................#####.
......#..........<...#####.......
........###....................#.


You could see an ogre.

Vanquished Creatures
  A centaur skeleton (D:4)
  An orc wizard (D:4)
  2 worker ants (D:4)
  3 gnolls
  4 adders
  3 orcs (D:4)
  2 bats (D:4)
  2 giant cockroaches (D:4)
  A hobgoblin (D:3)
  A giant gecko (D:3)
  4 goblins
  A jackal skeleton (D:4)
  2 kobolds (D:1)
  3 rats
30 creatures vanquished.

Notes
Turn   | Place    | Note
--------------------------------------------------------------
     0 | D:1      | timbw, the Ghoul Fighter, began the quest for the Orb.
     0 | D:1      | Reached XP level 1. HP: 19/19 MP: 1/1
   143 | D:3      | Reached XP level 2. HP: 21/26 MP: 2/2
   178 | D:3      | Reached XP level 3. HP: 22/31 MP: 3/3
   260 | D:4      | Reached skill level 4 in Axes
   260 | D:4      | Reached XP level 4. HP: 18/38 MP: 3/3
   420 | D:4      | Reached XP level 5. HP: 39/45 MP: 4/4
   553 | D:3      | Reached skill level 5 in Axes
   568 | D:4      | Noticed an ogre
   696 | D:4      | Mangled by an ogre

Action                   |  1- 3 |  4- 6 || total
-------------------------+-------+-------++-------
Melee: War axe           |    57 |    55 ||   112
  Use: Potion            |       |     1 ||     1
  Eat: Chunk             |     1 |     6 ||     7
